Map: Lockdown LE

Players

Hardvision

  • Race: Terran Terran
  • League: Grandmaster
  • Spawn Location: 7:00

A.I. 2 (Elite) - Winner!

  • Race: Protoss Protoss
  • Spawn Location: 1:00

VOD

Have the link to the VOD?

Description

Time

  • Played on: July 9, 2026, 10:18 a.m.
  • Length: 9:40
Show
View Real Time Build Order
Export as new Build Order

Hardvision Terran 

Build Orders:  

Get SALT Encoding   

  8  0:00  SCV  
  9  0:12  SCV  
  10  0:24  SCV  
  10  0:28  Supply Depot  
  11  0:36  SCV  
  12  0:50  Barracks  
  12  0:56  Refinery  
  12  1:00  SCV  
  13  1:12  SCV  
  14  1:24  SCV  
  15  1:37  Marine  
  15  1:38  Orbital Command  
  16  1:57  Barracks Reactor  
  16  2:04  SCV  
  17  2:13  Command Center  
  17  2:21  Supply Depot  
  17  2:22  SCV  
  18  2:33  Marine x2  
  18  2:34  SCV  
  21  2:46  SCV, Barracks  
  22  2:51  Marine  
  22  2:52  Marine  
  24  3:01  Barracks  
  24  3:03  SCV  
  25  3:14  Bunker  
  25  3:15  Marine  
  25  3:16  Marine  
  25  3:18  SCV  
  28  3:27  Orbital Command  
  28  3:31  SCV  
  29  3:36  Barracks Tech Lab  
  29  3:45  Engineering Bay  
  29  3:50  SCV  
  29  3:52  Barracks Tech Lab  
  29  3:54  SCV  
  31  3:58  Stimpack  
  31  4:02  SCV  
  32  4:06  Marine, Supply Depot  
  32  4:07  SCV  
  32  4:09  Marine  
  34  4:14  Terran Infantry Weapons Level 1  
  34  4:15  SCV  
  36  4:18  Combat Shield  
  36  4:21  SCV  
  37  4:25  Refinery  
  37  4:28  Marauder, SCV  
  40  4:31  Supply Depot  
  40  4:35  Marauder  
  40  4:36  SCV  
  43  4:39  Marine x2  
  43  4:41  SCV  
  46  4:48  SCV  
  46  4:52  Marauder  
  49  4:54  SCV, Supply Depot  
  49  4:56  Marine, Marauder  
  49  4:57  Marine  
  54  5:00  SCV  
  54  5:06  Missile Turret  
  55  5:10  Factory  
  55  5:11  SCV  
  55  5:12  SCV  
  57  5:15  Marine  
  57  5:16  Marine  
  57  5:20  Supply Depot  
  59  5:22  Marine  
  59  5:23  SCV  
  59  5:24  SCV  
  62  5:35  Marine  
  62  5:36  SCV, Marine x2  
  62  5:37  Refinery  
  62  5:38  Concussive Shells  
  62  5:41  SCV  
  62  5:42  Supply Depot  
  67  5:48  SCV  
  68  5:55  Factory Reactor, Starport  
  68  6:00  SCV  
  68  6:02  Barracks  
  68  6:04  SCV, Barracks  
  69  6:11  Supply Depot  
  69  6:12  SCV  
  69  6:15  Marauder, Marine  
  72  6:23  Marine  
  72  6:24  Marauder, SCV  
  72  6:25  SCV  
  68  6:33  Marine, Refinery  
  68  6:36  SCV  
  68  6:41  SCV  
  69  6:49  Medivac x2  
  69  6:50  Starport  
  69  6:52  Factory Reactor  
  69  6:53  Barracks Tech Lab, Barracks Reactor  
  73  6:55  SCV  
  74  7:02  Marine x2, Marauder x2  
  74  7:06  Terran Infantry Armor Level 1  
  80  7:15  Supply Depot x2  
  80  7:20  Marine x2, Viking x2  
  86  7:32  Marine x2  
  86  7:33  Marine x2  
  86  7:36  Marine  
  86  7:37  Supply Depot, Viking x2  
  93  7:38  Marine  
  93  7:43  Supply Depot  
  96  7:50  Viking x2  
  100  7:52  Marauder  
  100  7:53  Marauder, Marine x2  
  100  7:58  Marine x2  
  108  7:59  SCV  
  109  8:07  Supply Depot x2  
  109  8:08  Viking x2  
  113  8:20  Marauder  
  113  8:21  Marauder x2, Marine  
  120  8:32  Marine  
  121  8:40  Viking x3  
  127  8:42  Marauder x3  
  127  8:45  Marine x2  
  133  8:59  Marine x2  
  133  9:03  Marauder x2  
  137  9:13  Supply Depot  
  137  9:16  Supply Depot, Marauder  
Show
View Real Time Build Order
Export as new Build Order

A.I. 2 (Elite) Protoss - Winner!

Build Orders:  

Get SALT Encoding   

  8  0:00  Probe  
  9  0:13  Probe  
  10  0:25  Probe  
  11  0:37  Probe  
  12  0:48  Pylon  
  12  0:49  Probe  
  13  1:02  Probe  
  13  1:08  Gateway  
  13  1:10  Probe  
  15  1:20  Probe  
  16  1:32  Probe  
  17  1:44  Probe, Nexus  
  18  1:55  Probe  
  18  1:56  Assimilator  
  19  2:02  Pylon  
  19  2:04  Probe  
  20  2:14  Probe  
  20  2:17  Cybernetics Core  
  21  2:25  Zealot  
  21  2:29  Probe  
  24  2:35  Warp Gate  
  24  2:41  Probe  
  25  2:53  Probe  
  25  2:55  Probe  
  25  2:56  Stalker  
  29  3:01  Pylon  
  29  3:05  Probe  
  30  3:08  Probe  
  31  3:16  Gateway  
  31  3:18  Assimilator  
  31  3:20  Probe  
  31  3:24  Adept  
  35  3:27  Probe  
  35  3:33  Probe  
  36  3:35  Pylon  
  36  3:41  Probe  
  37  3:46  Probe  
  38  3:52  Probe  
  39  3:56  Adept  
  39  3:57  Adept  
  39  3:58  Probe  
  39  4:00  Probe, Stargate  
  45  4:10  Probe  
  45  4:15  Probe  
  47  4:22  Probe  
  48  4:27  Probe  
  49  4:34  Adept, Probe  
  52  4:41  Zealot  
  54  4:46  Stargate  
  54  4:48  Pylon  
  54  4:58  Pylon  
  54  5:01  Gateway  
  54  5:03  Void Ray  
  54  5:05  Zealot  
  54  5:06  Probe x2  
  62  5:18  Probe  
  62  5:19  Probe  
  64  5:22  Stalker  
  64  5:24  Pylon  
  66  5:30  Probe  
  66  5:31  Probe  
  68  5:40  Assimilator  
  68  5:42  Assimilator, Probe  
  69  5:43  Probe  
  69  5:44  Twilight Council  
  70  6:01  Zealot  
  70  6:02  Pylon  
  70  6:03  Probe x2  
  74  6:07  Nexus  
  74  6:15  Probe  
  74  6:16  Probe  
  74  6:20  Zealot x2  
  74  6:21  Zealot  
  74  6:23  Templar Archives  
  66  6:27  Probe  
  66  6:28  Probe  
  60  6:35  Adept  
  56  6:42  Zealot  
  56  6:43  Stalker  
  60  6:54  Stalker  
  62  7:02  Forge  
  62  7:04  Stalker  
  62  7:05  Forge, Zealot  
  66  7:10  Pylon, Nexus  
  66  7:16  Sentry  
  66  7:22  Adept  
  70  7:26  Zealot  
  70  7:28  Robotics Facility  
  72  7:33  Zealot  
  74  7:40  Zealot  
  74  7:41  Pylon  
  76  7:48  Pylon, Zealot  
  76  7:50  High Templar  
  80  7:55  Gateway  
  80  8:02  Zealot  
  80  8:04  Photon Cannon  
  82  8:09  Photon Cannon  
  82  8:10  Pylon, Stalker  
  82  8:12  Observer  
  85  8:23  Probe x2  
  85  8:24  Probe, Immortal, Sentry  
  85  8:25  Adept  
  92  8:29  Assimilator  
  92  8:30  Pylon  
  92  8:32  Sentry  
  98  8:34  Assimilator  
  98  8:35  Probe  
  98  8:36  Probe x2  
  98  8:40  Stalker  
  103  8:46  Zealot  
  103  8:47  Probe  
  107  8:48  Probe  
  107  8:50  High Templar  
  107  8:55  Immortal, Zealot  
  102  8:59  Stalker, Probe  
  71  9:08  Zealot  
  69  9:17  Probe, Stalker  
  69  9:18  Probe  
  69  9:21  Sentry  
  72  9:25  Zealot  
  70  9:39  Nexus  
Tags
 
Add a new tag
Caveats
  • Supply blocks, unpowered buildings, or Contaminate may cause inaccurate times.
  • Supply counts are checked every 10 seconds.